 Dungeon Crawl Stone Soup version 0.29.0-4-gdea44cf6ec (webtiles) character file.

Game seed: 9226748944690297512

61 qw the Chopper (level 4, -6/26 HPs)
             Began as a Tengu Warper on Aug 28, 2022.
             Mangled by a gnoll sergeant
             ... wielding a +1 spear of venom
              (12 damage)
             ... on level 6 of the Dungeon.
             The game lasted 00:00:13 (2690 turns).

qw the Chopper (Tengu Warper)                       Turns: 2690, Time: 00:00:13

Health: -6/26      AC:  6    Str: 20    XL:     4   Next: 7%
Magic:  8/8        EV: 11    Int: 13    God:
Gold:   230        SH:  0    Dex: 13    Spells: 7/7 levels left

rFire   . . .      SeeInvis +   Y - +5 hand axe
rCold   . . .      Faith    .   (no shield)
rNeg    . . .      Spirit   .   e - +0 ring mail
rPois   .          Reflect  .   (helmet restricted)
rElec   .          Harm     .   m - +0 cloak
rCorr   .          Rampage  .   (no gloves)
Will    .....                   (boots unavailable)
Stlth   +.........              d - amulet of the acrobat
HPRegen 0.08/turn               g - +6 ring of strength
MPRegen 0.11/turn               h - ring of see invisible

@: lethally poisoned (-6 -> -13)
A: beak, talons 3
a: no special abilities


You were on level 6 of the Dungeon.
You visited 1 branch of the dungeon, and saw 5 of its levels.

You collected 230 gold pieces.


Innate Abilities, Weirdness & Mutations

You have a beak for a mouth.
You have claws for feet.


   Skills:
 - Level 2.0 Fighting
 + Level 4.6 Axes
 - Level 1.0 Throwing
 - Level 1.1 Armour
 - Level 2.1 Dodging
 - Level 2.0 Spellcasting
 - Level 2.4 Translocations


You had 7 spell levels left.
You didn't know any spells.
Your spell library contained the following spells:

 Spells                   Type           Power      Damage    Failure   Level
 Blink                    Tloc           14%        N/A       24%         2
 Gell's Gravitas          Tloc           7%         N/A       43%         3
 Lesser Beckoning         Tloc           7%         N/A       43%         3
 Teleport Other           Tloc           7%         N/A       43%         3
 Manifold Assault         Tloc           7%         N/A       99%         5

Inventory:

Hand Weapons
 j - a +0 club
 Y - a +5 hand axe (weapon)
Armour
 e - a +0 ring mail (worn)
 m - a +0 cloak (worn)
Jewellery
 d - an amulet of the acrobat (around neck)
 g - a +6 ring of strength (left hand)
 h - a ring of see invisible (right hand)
Scrolls
 b - a scroll of teleportation
 c - 3 scrolls of brand weapon {unknown}
 n - a scroll of vulnerability {unknown}
Potions
 a - a potion of degeneration {unknown}
 f - a potion of invisibility {unknown}
 i - a potion of haste {unknown}
 k - a potion of mutation {unknown}
 l - a potion of curing {unknown}

Dungeon Overview and Level Annotations

Branches:
Dungeon (4/15)
 Temple: D:4-7

Altars:
Makhleb

Annotations:
D:4 2 runed translucent doors, qw's ghost, amateur TeWr


Message History

Found a stone staircase leading down.
Found an escape hatch in the ceiling.
A sourceless malevolence fills the Dungeon...
You fall into a shaft and drop 2 floors!
The shaft crumbles and collapses.
Found a book of Scorching.
Existing waypoints: (1) D:4 (2) D:3 Assign waypoint to what number? (0-9, D - delete waypoint) Waypoint 2 re-assigned from D:3 to D:6.
Enter note:
Enter note:
Found a book of Dangerous Friends.
Found a copper wand.
A gnoll comes into view. It is wielding a +0 club.
The gnoll shouts!
You hear a shout! x3
A gnoll comes into view. It is wielding a +0 club.
A gnoll sergeant comes into view. It is wielding a +1 spear of venom.
2684 ||| Stepping ~*~*~tactically~*~*~ (hiding).
You barely miss the gnoll. The gnoll hits you with a +0 club.
You barely miss the gnoll. You peck the gnoll.
The gnoll is lightly wounded.
You slash the gnoll! You claw the gnoll, but do no damage.
The gnoll is severely wounded.
The gnoll closely misses you.
The gnoll sergeant hits you from afar with a +1 spear of venom.
You closely miss the gnoll. You claw the gnoll.
You kill the gnoll!
You hit the gnoll. The gnoll hits you with a +0 club.
The gnoll sergeant hits you from afar with a +1 spear of venom.
You are lethally poisoned!
You have reached level 4!
You feel stronger.
You hit the gnoll. Your kick misses the gnoll.
The gnoll is heavily wounded.
You feel very sick. The gnoll hits you but does no damage.
The gnoll sergeant hits you from afar with a +1 spear of venom!
You die...

#....... ##
####.#.#### ..
##..........
#.######...........
#....:....##.#.###.
g.###.######.###.#.#
## #g..g../# #.#
#.#..
#g#.####.###.#### #
#)@.......##.#
#.#######.##.. #.
#.# .. #.# .## #.#
.. #.# .# #.# ## #.#


You could see a gnoll sergeant and a gnoll.

Vanquished Creatures
  A gnoll (D:6)
  2 worms (D:2)
  An orc (D:3)
  7 ball pythons
  5 endoplasms (D:1)
  2 giant cockroaches
  4 goblins
  3 hobgoblins (D:1)
  6 kobolds
  A quokka (D:2)
  2 bats (D:3)
  3 frilled lizards
  4 rats
41 creatures vanquished.

Notes
Turn   | Place    | Note
-------+----------+-------------------------------------------
     0 | D:1      | qw the Tengu Warper began the quest for the Orb.
     0 | D:1      | Reached XP level 1. HP: 12/12 MP: 4/4
     0 | D:1      | 0 ||| qw: Version: 0.1-a-89-g26bdef1
     0 | D:1      | 0 ||| qw: Game counter: 2690
     0 | D:1      | 0 ||| qw: Always use a shield: true
     0 | D:1      | 0 ||| qw: God list: Okawaru
     0 | D:1      | 0 ||| qw: Allow faded altars: false
     0 | D:1      | 0 ||| qw: Do Orc after D:15 true
     0 | D:1      | 0 ||| qw: Do second Lair branch before Depths: true
     0 | D:1      | 0 ||| qw: Lair rune preference: random
     0 | D:1      | 0 ||| qw: Plans: Normal
     0 | D:1      | 0 ||| PLANNING D:1-11
   104 | D:1      | Reached XP level 2. HP: 17/17 MP: 6/6
   106 | D:1      | Reached skill level 3 in Axes
   218 | D:1      | Found a faded altar of an unknown god.
   284 | D:1      | 284 ||| Stepping ~*~*~tactically~*~*~ (stealth).
   286 | D:1      | 286 ||| Stepping ~*~*~tactically~*~*~ (stealth).
   686 | D:1      | Reached XP level 3. HP: 21/21 MP: 7/7
   777 | D:1      | 777 ||| Stepping ~*~*~tactically~*~*~ (stealth).
   778 | D:1      | 778 ||| Stepping ~*~*~tactically~*~*~ (stealth).
   780 | D:1      | 780 ||| Stepping ~*~*~tactically~*~*~ (stealth).
   875 | D:1      | 875 ||| UPGRADING to +0 ring mail.
   885 | D:1      | 885 ||| DROPPING +0 leather armour.
   886 | D:1      | 886 ||| READING 2 scrolls labelled FIWOXO MAUDO.
   887 | D:1      | 887 ||| READING scroll of enchant weapon.
   887 | D:1      | 887 ||| ENCHANTING +1 hand axe.
   888 | D:1      | 888 ||| READING scroll labelled GOPA FIEVOY.
   889 | D:1      | 889 ||| READING scroll labelled NOTEMO XADGHACW.
   890 | D:1      | 890 ||| READING scroll labelled TORPHO EN BEDO.
   991 | D:1      | 991 ||| READING scroll labelled GEHEPN OS ZAE.
   996 | D:1      | 996 ||| DROPPING scroll of blinking.
  1040 | D:2      | Found a burning altar of Makhleb.
  1181 | D:2      | Reached skill level 4 in Axes
  1906 | D:2      | 1906 ||| UPGRADING to amulet of the acrobat.
  1911 | D:2      | 1911 ||| UPGRADING to +6 ring of strength.
  1912 | D:2      | 1912 ||| UPGRADING to ring of see invisible.
  1913 | D:2      | 1913 ||| READING scroll labelled KONAIT TEBI.
  2570 | D:3      | 2570 ||| UPGRADING to +0 cloak.
  2575 | D:3      | 2575 ||| READING scroll labelled JAQOAM PYNY.
  2603 | D:4      | Found a runed translucent gate.
  2603 | D:4      | Found a runed translucent gate.
  2603 | D:4      | Noticed qw's ghost (amateur TeWr)
  2631 | D:4      | 2631 ||| READING 3 scrolls of enchant weapon.
  2631 | D:4      | 2631 ||| ENCHANTING +2 hand axe.
  2632 | D:4      | 2632 ||| READING 2 scrolls of enchant weapon.
  2632 | D:4      | 2632 ||| ENCHANTING +3 hand axe.
  2633 | D:4      | 2633 ||| READING scroll of enchant weapon.
  2633 | D:4      | 2633 ||| ENCHANTING +4 hand axe.
  2641 | D:4      | You fall into a shaft and drop 2 floors!
  2683 | D:6      | Noticed a gnoll sergeant
  2684 | D:6      | 2684 ||| Stepping ~*~*~tactically~*~*~ (hiding).
  2690 | D:6      | Reached XP level 4. HP: 9/26 MP: 8/8
  2690 | D:6      | HP: 6/26 [poisoned by a gnoll sergeant]
  2690 | D:6      | Mangled by a gnoll sergeant

Levels and vault maps discovered:
D:1:      dpeg_arrival_stonehenge_8_columns, layout_loops_ring,
          hellmonk_ecumenical_altar_leap_of_faith, dreamdust_wishing_well
D:2:      layout_loops_ring, basic_altar, chequers_serial_rivers_marsh,
          minmay_misc_feat_more_columns
D:3:      layout_basic
D:4:      minmay_spotlight, layout_cave_pools, minitemple,
          biasface_ghost_orc_armoury
D:6:      layout_loops_ring, uniq_edmund, uniq_grinder

Skill      XL: |  1  2  3 |
---------------+----------+-----
Axes           | 3 4 |  4.6
Fighting       | |  2.0
Throwing       | |  1.0
Armour         | |  1.1
Dodging        | |  2.1
Spellcasting   | |  2.0
Translocations | |  2.4

Action                   |  1- 3 |  4- 6 || total
-------------------------+-------+-------++-------
Melee: Hand axe          |    79 |     1 ||    80
       Kick              |    17 |       ||    17
       Peck              |    13 |       ||    13
       Punch             |     3 |       ||     3
Throw: Boomerang         |     7 |       ||     7
  Use: Scroll            |    11 |       ||    11
 Stab: Distracted        |     1 |       ||     1
Armor: Leather armour    |     7 |       ||     7
       Ring mail         |     8 |     1 ||     9
Dodge: Dodged            |    30 |       ||    30

Table legend:
 A = Non-vault XP
 B = Vault XP
 C = Vault XP percentage of total XP
 D = Non-vault monster count
 E = Vault monster count
 F = Vault count percentage of total count
                 A         B        C        D         E       F
            +---------+---------+-------+---------+---------+-------
      Total |      88 |       0 |   0.0 |      41 |       0 |   0.0
            +---------+---------+-------+---------+---------+-------
        D:1 |      39 |       0 |   0.0 |      24 |       0 |   0.0
        D:2 |      22 |       0 |   0.0 |       9 |       0 |   0.0
        D:3 |      12 |       0 |   0.0 |       7 |       0 |   0.0
        D:6 |      15 |       0 |   0.0 |       1 |       0 |   0.0
            +---------+---------+-------+---------+---------+-------
